[Event "Titled Tuesday Blitz June 21 Early 2022"]
[White "Sargsyan, Anna M."]
[Black "Kosteniuk, Alexandra"]
[WhiteFideId "13308130"]
[BlackFideId "4128125"]
[WhiteElo "2271"]
[BlackElo "2469"]
[Result "0-1"]
[Round "07"]
[TimeControl "180+1"]
[Date "2022.06.21"]
[WhiteClock "0:00:06"]
[BlackClock "0:00:15"]

1. e4 c6 2. Nf3 d5 3. exd5 cxd5 4. Ne5 Nf6 5. d4 Nbd7 6. Bd3 g6 7. O-O Bg7 8. Re1 O-O 9. Nd2 Nxe5 10. dxe5 Ng4 11. Nf3 f6 12. exf6 exf6 13. Bf4 Qb6 14. Qd2 g5 15. Bg3 Nh6 16. Re7 Bg4 17. Rae1 Qxb2 18. Nxg5 fxg5 19. Bxh7+ Kh8 20. Rxg7 Rae8 21. Rge7 Rxe7 22. Rxe7 Nf7 23. Bg6 Qf6 24. Rxf7 Qa1+ 0-1


[Site "https://www.chess.com"]

[Event "Titled Tuesday Blitz June 21 Early 2022"]
[White "Shton, Roman"]
[Black "Simonovic, Miroslav"]
[WhiteFideId "14137461"]
[BlackFideId "919152"]
[WhiteElo "2013"]
[BlackElo "2043"]
[Result "1-0"]
[Round "07"]
[TimeControl "180+1"]
[Date "2022.06.22"]
[WhiteClock "0:00:10"]
[BlackClock "0:00:01"]

1. d4 Nf6 2. Nf3 c5 3. d5 b5 4. c3 Bb7 5. e4 Nxe4 6. Bxb5 Nd6 7. Ba4 Qb6 8. O-O g6 9. Re1 Bg7 10. Bg5 Nc8 11. d6 e6 12. Nbd2 Qxd6 13. Qb3 Qb6 14. Qc2 O-O 15. Nc4 Qc7 16. Nce5 f6 17. Nxg6 hxg6 18. Bh4 Bxf3 19. gxf3 g5 20. Bg3 e5 21. Qg6 d5 22. Bc2 Ne7 23. Qh7+ Kf7 24. b4 Rh8 25. Qd3 c4 26. Qe3 Nbc6 27. a4 Nd8 28. Rad1 Ne6 29. b5 Rad8 30. Ra1 Nf4 31. a5 f5 32. b6 axb6 33. axb6 Qd6 34. Ra7 Rd7 35. b7 Rb8 36. Rb1 d4 37. cxd4 exd4 38. Qe1 Ned5 39. Bxf5 Re7 40. Qa5 Ne2+ 41. Kg2 Nxg3 42. hxg3 Nf6 43. Bc8 Qc7 44. Qxg5 Ne8 45. Ra8 Bf6 46. Qh5+ Kf8 47. Rxb8 Qxb8 48. Qg6 Rf7 49. g4 Nd6 50. Rh1 Ke7 51. Rh7 Rxh7 52. Qxh7+ Kd8 53. Qg8+ Kc7 54. Qd5 1-0


[Site "https://www.chess.com"]

[Event "Titled Tuesday Blitz June 21 Early 2022"]
[White "Shuvalova, Polina"]
[Black "Dushyant Sharma"]
[WhiteFideId "24171760"]
[BlackFideId "25065130"]
[WhiteElo "2330"]
[BlackElo "2105"]
[Result "1-0"]
[Round "07"]
[TimeControl "180+1"]
[Date "2022.06.22"]
[WhiteClock "0:01:11"]
[BlackClock "0:00:05"]

1. d4 d5 2. Nc3 e6 3. e4 Nf6 4. e5 Nfd7 5. f4 c5 6. Nf3 Nc6 7. Be3 Be7 8. Be2 a6 9. O-O b5 10. a3 O-O 11. Kh1 f6 12. exf6 Nxf6 13. dxc5 Bb7 14. Qd2 Ne4 15. Nxe4 dxe4 16. Qxd8 Raxd8 17. Ng5 Nd4 18. Bxd4 Bxg5 19. Be3 Bf6 20. c3 Bd5 21. a4 Bc4 22. Rfe1 Rd5 23. axb5 axb5 24. g3 Rb8 25. Ra6 Bxe2 26. Rxe2 b4 27. Rxe6 b3 28. Rxe4 Bxc3 29. Rc4 Rd3 30. c6 Bxb2 31. Ba7 Be5 32. Bxb8 Bxb8 33. Re8+ 1-0


[Site "https://www.chess.com"]

[Event "Titled Tuesday Blitz June 21 Early 2022"]
[White "Skliarov, Viktor"]
[Black "Ladan, Nicholas"]
[WhiteFideId "14106736"]
[BlackFideId "30918855"]
[WhiteElo "2229"]
[BlackElo "2167"]
[Result "1-0"]
[Round "07"]
[TimeControl "180+1"]
[Date "2022.06.22"]
[WhiteClock "0:01:12"]
[BlackClock "0:01:44"]

1. e4 e5 2. Nc3 Nc6 3. Bc4 Nf6 4. d3 Na5 5. Nge2 c6 6. Ng3 d6 7. O-O Be7 8. a3 Nxc4 9. dxc4 Be6 10. b3 O-O 11. Bg5 h6 12. Bxf6 Bxf6 13. Qf3 Qe7 14. Nf5 Bxf5 15. Qxf5 g6 16. Qh3 Bg5 17. Rad1 Rad8 18. Rd3 Kg7 19. Rfd1 f5 20. a4 a5 21. g3 f4 22. c5 dxc5 23. Rd7 Rxd7 24. Rxd7 Rd8 25. Rxe7+ Bxe7 1-0


[Site "https://www.chess.com"]

[Event "Titled Tuesday Blitz June 21 Early 2022"]
[White "Slugin, Sergey"]
[Black "Aaditya Dhingra"]
[WhiteFideId "4122569"]
[BlackFideId "25678191"]
[WhiteElo "2358"]
[BlackElo "1849"]
[Result "1-0"]
[Round "07"]
[TimeControl "180+1"]
[Date "2022.06.22"]
[WhiteClock "0:00:07"]
[BlackClock "0:00:01"]

1. c4 e6 2. Nf3 Nf6 3. g3 b6 4. Bg2 Bb7 5. O-O c5 6. Nc3 d5 7. cxd5 Nxd5 8. d4 Nd7 9. Bg5 Be7 10. Bxe7 Qxe7 11. Re1 cxd4 12. Qxd4 O-O 13. Rad1 Nc5 14. Ne5 Nxc3 15. Qxc3 Rac8 16. Bxb7 Qxb7 17. b4 Ne4 18. Qe3 Rc7 19. b5 Nc3 20. Rd4 Nxb5 21. Rh4 Rc3 22. Qg5 f6 23. Qh5 g5 24. Rg4 Rfc8 25. Nd3 Nd6 26. h4 Qf7 27. Qxf7+ Nxf7 28. hxg5 fxg5 29. Rd1 e5 30. Nb4 h5 31. Re4 R3c4 32. Rxc4 Rxc4 33. a3 Kf8 34. Rd7 a5 35. Nd5 e4 36. Nxb6 Rc1+ 37. Kg2 Rc3 38. a4 Rb3 39. Nc4 Rb4 40. Nxa5 Rxa4 41. Nc6 Ra6 42. Nd4 Rf6 43. e3 Ne5 44. Rd5 Ng4 45. Rf5 Kg7 46. Rxg5+ Kh6 47. Rf5 Rxf5 48. Nxf5+ Kg5 49. Nd6 Nf6 50. Kh3 Kg6 51. Kh4 Kh6 52. Nf7+ Kg6 53. Nd6 Kh6 54. Kh3 Kg6 55. Nc4 Kg5 56. Kg2 Kf5 57. Nd2 Ng4 58. Nb3 1-0


[Site "https://www.chess.com"]

[Event "Titled Tuesday Blitz June 21 Early 2022"]
[White "Snehal, Bhosale"]
[Black "Gormally, Daniel W"]
[WhiteFideId "5021995"]
[BlackFideId "406465"]
[WhiteElo "2103"]
[BlackElo "2543"]
[Result "0-1"]
[Round "07"]
[TimeControl "180+1"]
[Date "2022.06.22"]
[WhiteClock "0:01:03"]
[BlackClock "0:01:02"]

1. d4 Nf6 2. c4 e6 3. Nc3 Bb4 4. Qc2 O-O 5. e4 d6 6. Bg5 h6 7. Bh4 Nc6 8. Rd1 e5 9. dxe5 Nxe5 10. f4 Ng6 11. Bg3 Nxe4 12. Bd3 Nc5 13. Ne2 Nh4 14. Bh7+ Kh8 15. O-O Bxc3 16. Nxc3 f5 17. Qf2 Kxh7 18. Bxh4 Qd7 19. Rfe1 Rf7 20. b4 Ne4 21. Nxe4 fxe4 22. Rxe4 Qg4 23. Rde1 Bf5 24. Re7 Raf8 25. h3 Qg6 26. Kh2 Bd3 27. Qd4 Rxf4 28. Rxg7+ Qxg7 29. Qxd3+ Qg6 30. Re7+ R8f7 31. Qd5 Rxe7 32. Bxe7 Qe4 33. Qh5 Qxe7 0-1


[Site "https://www.chess.com"]

[Event "Titled Tuesday Blitz June 21 Early 2022"]
[White "So, Wesley"]
[Black "Grigorov, Grigor"]
[WhiteFideId "5202213"]
[BlackFideId "2907313"]
[WhiteElo "2742"]
[BlackElo "2510"]
[Result "0-1"]
[Round "07"]
[TimeControl "180+1"]
[Date "2022.06.21"]
[WhiteClock "0:00:03"]
[BlackClock "0:00:03"]

1. e4 c6 2. d4 d5 3. e5 Bf5 4. Nd2 e6 5. Nb3 c5 6. dxc5 Bxc5 7. Nxc5 Qa5+ 8. c3 Qxc5 9. Be3 Qc7 10. f4 Nc6 11. Be2 Nge7 12. Nf3 O-O 13. O-O Be4 14. Nd2 Nf5 15. Bf2 g5 16. Bc5 Nce7 17. Bxe7 Qxe7 18. Qa4 Qc5+ 19. Rf2 Qe3 20. Nxe4 dxe4 21. g4 Nh4 22. Qd4 gxf4 23. Qxe3 fxe3 24. Rf4 Rad8 25. Rxe4 Rd2 26. Rxe3 Rxb2 27. a4 Rd8 28. Rd1 Rxd1+ 29. Bxd1 Rg2+ 30. Kf1 Rxh2 31. Rd3 Rb2 32. Rd4 Ng6 33. Re4 Kg7 34. Ke1 Kh6 35. a5 a6 36. Bf3 Rb5 37. Rb4 Rxe5+ 38. Kd2 Rxa5 39. Bxb7 Ne5 40. c4 Kg5 41. Kc3 Kf6 42. Kd4 Ke7 43. c5 f6 44. Be4 Kd7 45. Rb7+ Kc8 46. Rxh7 Ra4+ 47. Ke3 Nxg4+ 48. Kf3 Ne5+ 49. Ke3 Ng4+ 50. Kf3 f5 51. Bb7+ Kb8 52. c6 Ne5+ 53. Ke3 Rc4 54. Rh8+ Ka7 55. Rh7 Kb6 56. Ba8 Nxc6 0-1


[Site "https://www.chess.com"]

[Event "Titled Tuesday Blitz June 21 Early 2022"]
[White "Sovetbekova, Nurai"]
[Black "Hansen, Eric"]
[WhiteFideId "13801910"]
[BlackFideId "2606771"]
[WhiteElo "1646"]
[BlackElo "2568"]
[Result "0-1"]
[Round "07"]
[TimeControl "180+1"]
[Date "2022.06.22"]
[WhiteClock "0:00:04"]
[BlackClock "0:00:58"]

1. d4 Nf6 2. c4 e6 3. g3 Bb4+ 4. Nd2 O-O 5. Bg2 d5 6. Qc2 c5 7. Nf3 cxd4 8. Nxd4 e5 9. Nf3 e4 10. Nd4 Nc6 11. Nxc6 bxc6 12. a3 Ba5 13. O-O e3 14. fxe3 Ng4 15. Nf3 Re8 16. b4 Bb6 17. c5 Bc7 18. Nd4 Bd7 19. Qc3 h5 20. h3 Bxg3 21. hxg4 hxg4 22. Nf5 Be5 23. Qc2 Bxa1 24. Bb2 Bxb2 25. Qxb2 Bxf5 26. Rxf5 Rxe3 27. Kf2 Re6 28. b5 Qh4+ 29. Kf1 Rae8 30. bxc6 g6 31. Rxd5 Rf6+ 32. Kg1 Qf2+ 33. Kh1 Rxe2 0-1


[Site "https://www.chess.com"]

[Event "Titled Tuesday Blitz June 21 Early 2022"]
[White "Srbis, Jurica"]
[Black "Nguyen, Quoc Hy"]
[WhiteFideId "14515555"]
[BlackFideId "12410853"]
[WhiteElo "2519"]
[BlackElo "1938"]
[Result "1-0"]
[Round "07"]
[TimeControl "180+1"]
[Date "2022.06.22"]
[WhiteClock "0:01:26"]
[BlackClock "0:00:09"]

1. e4 c5 2. Nf3 d6 3. d4 cxd4 4. Nxd4 Nf6 5. Nc3 a6 6. Bg5 e6 7. f4 Nbd7 8. Qf3 Be7 9. O-O-O Qc7 10. g4 b5 11. Bxf6 Nxf6 12. g5 Nd7 13. f5 O-O 14. g6 Ne5 15. gxh7+ Kh8 16. Qg3 Bf6 17. h4 b4 18. Nce2 Bb7 19. Bg2 Rac8 20. fxe6 fxe6 21. Kb1 a5 22. Nf4 Rfe8 23. Rc1 Qc4 24. Rhd1 a4 25. Nh5 a3 26. b3 Qc3 27. Qxc3 bxc3 28. Nxf6 gxf6 29. Nb5 Rc7 30. Nxc7 1-0


[Site "https://www.chess.com"]

[Event "Titled Tuesday Blitz June 21 Early 2022"]
[White "Steinberg, Nitzan"]
[Black "Cunha, Lucas Aguiar"]
[WhiteFideId "2801795"]
[BlackFideId "2125404"]
[WhiteElo "2471"]
[BlackElo "2328"]
[Result "1-0"]
[Round "07"]
[TimeControl "180+1"]
[Date "2022.06.21"]
[WhiteClock "0:00:34"]
[BlackClock "0:00:01"]

1. d4 Nf6 2. Nf3 c5 3. dxc5 e6 4. Nc3 Bxc5 5. e3 O-O 6. Bd3 d5 7. O-O Nc6 8. a3 a5 9. e4 d4 10. Ne2 e5 11. h3 h6 12. Ng3 Be6 13. Nh2 Ba7 14. Bd2 Qe7 15. Qe1 Nd7 16. b4 axb4 17. axb4 Bb6 18. Rb1 Ra2 19. Ng4 Bxg4 20. hxg4 Rfa8 21. Qd1 Qe6 22. Qe2 Qg6 23. Nf5 Qf6 24. g3 Nf8 25. Kg2 Ne6 26. Rh1 Ng5 27. Rh5 Ne7 28. Rbh1 Ng6 29. f4 exf4 30. gxf4 Ne6 31. Qf2 Rc8 32. e5 Qd8 33. Nxh6+ gxh6 34. Rxh6 Nef8 35. f5 Qd5+ 36. Kf1 Ra1+ 37. Be1 Rxe1+ 38. Kxe1 Qxe5+ 39. Kf1 Nf4 40. Qh4 f6 41. Rxf6 Nxd3 42. Qg5+ 1-0


[Site "https://www.chess.com"]

[Event "Titled Tuesday Blitz June 21 Early 2022"]
[White "Svane, Frederik"]
[Black "Mahdavi, Reza"]
[WhiteFideId "12923044"]
[BlackFideId "12595926"]
[WhiteElo "2459"]
[BlackElo "2265"]
[Result "1-0"]
[Round "07"]
[TimeControl "180+1"]
[Date "2022.06.21"]
[WhiteClock "0:00:17"]
[BlackClock "0:00:09"]

1. e4 c5 2. Nf3 e6 3. c3 Nf6 4. e5 Nd5 5. d4 cxd4 6. cxd4 d6 7. Bc4 Nc6 8. O-O Be7 9. Qe2 O-O 10. Rd1 Qc7 11. Bd2 a6 12. Nc3 Nxc3 13. Bxc3 b5 14. Bd3 b4 15. Bd2 Bb7 16. Rac1 d5 17. Bg5 h6 18. Bf4 Qb6 19. Bb1 f5 20. exf6 Rxf6 21. Be5 Nxe5 22. dxe5 Rf4 23. Qc2 Rf5 24. Qc7 Bd8 25. Qxb6 Bxb6 26. Bxf5 exf5 27. Nd4 g6 28. Ne6 Kf7 29. Nc5 Bc6 30. e6+ Ke7 31. Nd7 Bxd7 32. exd7 d4 33. Rc6 Rb8 34. Rxg6 Kxd7 35. Rxh6 Kc7 36. Kf1 Kb7 37. Rf6 Rc8 38. Rd2 d3 39. Rxd3 Rc2 40. Rxf5 Rxb2 41. Rf7+ Kc6 42. Rf6+ Kb5 43. Rd5+ Kc4 44. Rxb6 Kxd5 45. Rxa6 Kc4 46. g4 Rb1+ 47. Kg2 Ra1 48. g5 Kb5 49. Ra8 b3 50. Rb8+ 1-0


[Site "https://www.chess.com"]

[Event "Titled Tuesday Blitz June 21 Early 2022"]
[White "Taichman, Ori"]
[Black "Bachmann, Axel"]
[WhiteFideId "2804069"]
[BlackFideId "3700488"]
[WhiteElo "2227"]
[BlackElo "2587"]
[Result "0-1"]
[Round "07"]
[TimeControl "180+1"]
[Date "2022.06.21"]
[WhiteClock "0:00:06"]
[BlackClock "0:00:35"]

1. e4 c5 2. b3 Nf6 3. e5 Nd5 4. Bb2 Nc6 5. g3 d6 6. exd6 e5 7. Bg2 Be6 8. Nc3 Nxc3 9. Bxc6+ bxc6 10. dxc3 Bxd6 11. c4 O-O 12. Qe2 Bc7 13. Nf3 e4 14. Nd2 f5 15. O-O-O Qg5 16. f4 Qe7 17. Nf1 Rad8 18. Ne3 Bb6 19. Rxd8 Rxd8 20. Rd1 Rd4 21. a4 Qd7 22. Bc3 Bd8 23. h3 Bf6 24. Kb2 g6 25. g4 Qg7 26. g5 Rxd1 27. Nxd1 Bd4 28. Qd2 Bxc3+ 29. Qxc3 Qd4 30. Kc1 Kf7 31. Qe3 Ke7 32. c3 Qd6 33. Qd2 Qb8 34. Kc2 Kf7 35. h4 h6 36. gxh6 Qh8 37. Qd6 Qxh6 38. Qc7+ Kf6 39. Ne3 Qh5 40. Qxc6 Qe2+ 41. Kb1 Qxe3 42. Qc7 Qxc3 43. Qd8+ Kg7 44. Qe7+ Bf7 45. h5 Qxb3+ 46. Ka1 Qxa4+ 47. Kb1 Qd1+ 48. Kb2 Qxh5 49. Qe5+ Kh7 50. Qe7 Qe2+ 51. Ka3 Qxc4 52. Qh4+ Kg7 53. Qe7 Qb3# 0-1


[Site "https://www.chess.com"]

[Event "Titled Tuesday Blitz June 21 Early 2022"]
[White "Tari, Aryan"]
[Black "Bortnyk, Olexandr"]
[WhiteFideId "1510045"]
[BlackFideId "14120828"]
[WhiteElo "2567"]
[BlackElo "2723"]
[Result "1-0"]
[Round "07"]
[TimeControl "180+1"]
[Date "2022.06.21"]
[WhiteClock "0:00:12"]
[BlackClock "0:00:02"]

1. e4 d6 2. d4 Nf6 3. Nc3 Nbd7 4. f4 e5 5. dxe5 dxe5 6. Nf3 Bd6 7. fxe5 Nxe5 8. Bf4 Nxf3+ 9. Qxf3 Bg4 10. Qf2 O-O 11. Bd3 Bxf4 12. Qxf4 Qd4 13. h3 Bh5 14. g4 Bg6 15. O-O-O c6 16. h4 h5 17. Be2 Qc5 18. g5 Ne8 19. Rd7 b5 20. e5 Qb6 21. Rf1 Nc7 22. Bd3 Ne6 23. Qf3 b4 24. Ne4 Qa5 25. Nf6+ gxf6 26. Qxf6 Bxd3 27. Rxf7 Qc7 28. g6 Rxf7 29. gxf7+ Kf8 30. Qh8+ Ke7 31. Qf6+ Kd7 32. Rd1 Nf8 33. Rxd3+ Kc8 34. e6 1-0


[Site "https://www.chess.com"]

[Event "Titled Tuesday Blitz June 21 Early 2022"]
[White "Terry, Renato"]
[Black "Mindlin, Alon"]
[WhiteFideId "3803457"]
[BlackFideId "2800071"]
[WhiteElo "2577"]
[BlackElo "2390"]
[Result "0-1"]
[Round "07"]
[TimeControl "180+1"]
[Date "2022.06.21"]
[WhiteClock "0:00:03"]
[BlackClock "0:00:04"]

1. d4 Nf6 2. Bg5 Ne4 3. Bf4 d5 4. Nd2 Bf5 5. e3 e6 6. Nxe4 Bxe4 7. Nf3 Bd6 8. Bd3 Bxf4 9. exf4 Qf6 10. Bxe4 dxe4 11. Nd2 Qxd4 12. c3 Qd6 13. Qa4+ Nd7 14. Rd1 b5 15. Qxe4 O-O 16. Nf3 Nc5 17. Rxd6 Nxe4 18. Rc6 Rfd8 19. Rxc7 Rac8 20. Rxc8 Rxc8 21. Ke2 a5 22. Rd1 f5 23. Nd4 b4 24. cxb4 axb4 25. f3 Nf6 26. Nxe6 Kf7 27. Nd4 g6 28. Rd2 Ra8 29. Nc6 Rxa2 30. Nxb4 Ra4 31. Nd3 Nd5 32. g3 Ra1 33. Nc5 Nb6 34. Rd6 Nc4 35. Rd7+ Kf6 36. Rxh7 Nxb2 37. g4 fxg4 38. fxg4 Nc4 39. h3 Nd6 40. Rd7 Ra2+ 41. Kd1 Nf7 42. g5+ Nxg5 43. fxg5+ Kxg5 44. Rd4 Rh2 45. Ne6+ Kf6 46. Nf4 g5 0-1


[Site "https://www.chess.com"]

[Event "Titled Tuesday Blitz June 21 Early 2022"]
[White "Thiel, Thomas"]
[Black "Nunez V, Gustavo Eduardo"]
[WhiteFideId "4615964"]
[BlackFideId "4403690"]
[WhiteElo "2229"]
[BlackElo "2228"]
[Result "1-0"]
[Round "07"]
[TimeControl "180+1"]
[Date "2022.06.22"]
[WhiteClock "0:00:01"]
[BlackClock "0:00:17"]

1. e4 c5 2. Nc3 Nc6 3. Bb5 g6 4. Bxc6 dxc6 5. d3 Bg7 6. Be3 b6 7. Qd2 e5 8. f4 Nf6 9. fxe5 Ng4 10. Bg5 Qd4 11. Nf3 Qb4 12. O-O-O Nxe5 13. Nxe5 Bxe5 14. Rhf1 Be6 15. Bf6 Bxf6 16. Rxf6 O-O-O 17. Rdf1 a5 18. a3 Qd4 19. Qf2 Qxf2 20. R1xf2 c4 21. dxc4 Kc7 22. b3 h5 23. Rd2 h4 24. h3 Rh5 25. Rxd8 Kxd8 26. Rf4 Rg5 27. Rf2 Rg3 28. Kd2 Kc7 29. Ne2 Rg5 30. Ke3 a4 31. Nf4 Rg3+ 32. Rf3 Rxf3+ 33. Kxf3 Bd7 34. Nd3 Kd6 35. Kf4 f6 36. e5+ fxe5+ 37. Nxe5 g5+ 38. Ke4 Be6 39. Kd4 c5+ 40. Ke4 axb3 41. cxb3 b5 42. cxb5 Bxb3 43. Nf3 Bd5+ 44. Kd3 g4 45. Nxh4 Bxg2 46. hxg4 Bh3 47. g5 Bf1+ 48. Kc3 Bxb5 49. g6 Be8 50. g7 Bf7 51. Nf5+ Kc6 52. Nh6 Bd5 53. g8=Q Bxg8 54. Nxg8 Kb5 55. Ne7 Ka4 56. Kb2 Kb5 57. Nd5 Kc4 58. Nb6+ Kb5 59. Nd5 Kc4 60. Ne3+ Kd3 61. Nd1 c4 62. Nc3 Kd4 63. a4 Kc5 64. Ka3 Kb6 65. Kb4 Ka6 66. a5 Ka7 67. Nb5+ Ka6 68. Nc3 Ka7 69. Kxc4 Ka6 70. Kb4 Ka7 71. Kb5 Kb7 72. a6+ Ka7 73. Ka5 Kb8 74. Kb6 Ka8 75. Nd5 Kb8 76. Nc7 Kc8 77. a7 Kd7 78. a8=Q Kd6 79. Qc6+ Ke5 80. Qe6+ Kf4 81. Qd5 Kg4 82. Qe6+ Kg3 83. Kc5 Kg2 84. Kd4 Kg3 85. Ke3 Kh4 86. Qg6 Kh3 87. Kf2 Kh4 88. Kf3 Kh3 89. Qg3# 1-0


[Site "https://www.chess.com"]

[Event "Titled Tuesday Blitz June 21 Early 2022"]
[White "Tinmaz, Kerem"]
[Black "Garcia Cuenca, Victor"]
[WhiteFideId "44559151"]
[BlackFideId "2250829"]
[WhiteElo "1443"]
[BlackElo "2317"]
[Result "0-1"]
[Round "07"]
[TimeControl "180+1"]
[Date "2022.06.22"]
[WhiteClock "0:00:07"]
[BlackClock "0:00:17"]

1. e4 c5 2. Nc3 d6 3. d4 cxd4 4. Qxd4 Nc6 5. Qd2 Nf6 6. b3 g6 7. Bb2 Bg7 8. O-O-O Be6 9. f3 Qa5 10. Kb1 a6 11. Nge2 O-O 12. g4 h5 13. g5 Nd7 14. Nf4 b5 15. Nxe6 fxe6 16. Bh3 Nc5 17. Rhf1 Nd4 18. Qe3 e5 19. Nd5 Qd8 20. f4 exf4 21. Rxf4 e5 22. Rxf8+ Qxf8 23. Bxd4 exd4 24. Qg3 Be5 25. Qg2 Ra7 26. Rf1 Rf7 27. Nf6+ Bxf6 28. gxf6 Rxf6 29. Rg1 Kh7 30. Qd2 Nxe4 31. Qxd4 Nf2 32. Rf1 Ng4 33. Rxf6 Qxf6 34. Qxf6 Nxf6 35. Bc8 a5 36. a3 b4 37. axb4 axb4 38. c3 bxc3 39. Kc2 Kg7 40. Kxc3 Kf8 41. b4 Ke7 42. Kd4 Kd8 43. Be6 Kc7 44. Bf7 g5 45. h3 Kb6 46. Bc4 g4 47. hxg4 Nxg4 48. Ke4 Ne5 49. Be2 h4 50. Kf4 h3 51. Kg3 Ng6 52. Bf3 Kb5 53. Kxh3 Kxb4 54. Kg2 Kc3 55. Kf2 Ne5 56. Be4 Kd4 57. Bg2 Nd3+ 58. Ke2 Nf4+ 59. Kf2 Nxg2 60. Kxg2 Ke3 61. Kf1 Kd2 62. Kf2 d5 63. Kf1 d4 64. Kf2 d3 65. Kf1 Kc2 0-1


[Site "https://www.chess.com"]

[Event "Titled Tuesday Blitz June 21 Early 2022"]
[White "Topalov, Aleksandar"]
[Black "Tanaka, Taira Tyler"]
[WhiteFideId "925659"]
[BlackFideId "7002351"]
[WhiteElo "2179"]
[BlackElo "2555"]
[Result "0-1"]
[Round "07"]
[TimeControl "180+1"]
[Date "2022.06.22"]
[WhiteClock "0:00:06"]
[BlackClock "0:00:21"]

1. b3 d5 2. Bb2 Bg4 3. g3 Nf6 4. Bg2 e6 5. Nf3 c6 6. O-O Bd6 7. d3 Nbd7 8. Nbd2 O-O 9. Qe1 e5 10. e4 Re8 11. Nh4 a5 12. a3 Qb6 13. Rb1 Nc5 14. h3 Bd7 15. Nf5 Bxf5 16. exf5 Re7 17. Qe2 Rae8 18. Rfe1 a4 19. b4 Ncd7 20. c4 Qd8 21. cxd5 cxd5 22. Rbc1 Qb6 23. g4 h6 24. h4 e4 25. dxe4 Nxe4 26. Nxe4 dxe4 27. f6 Nxf6 28. Bxf6 gxf6 29. Rc4 e3 30. f4 Rc7 31. Kh1 Rxc4 32. Qxc4 Qc7 33. Qd4 Bxf4 34. Qxf6 Re6 35. Qf5 Bg3 36. Re2 Qc1+ 37. Bf1 Kg7 38. Kg2 Rf6 0-1


[Site "https://www.chess.com"]

[Event "Titled Tuesday Blitz June 21 Early 2022"]
[White "Tregubov, Pavel V."]
[Black "Rom, Jasper"]
[WhiteFideId "4115341"]
[BlackFideId "2023733"]
[WhiteElo "2341"]
[BlackElo "2233"]
[Result "1-0"]
[Round "07"]
[TimeControl "180+1"]
[Date "2022.06.22"]
[WhiteClock "0:00:13"]
[BlackClock "0:00:02"]

1. e4 e6 2. d4 d5 3. exd5 exd5 4. Nf3 Bg4 5. h3 Bh5 6. g4 Bg6 7. Ne5 Be4 8. Rg1 Nd7 9. Nc3 Nxe5 10. dxe5 Bb4 11. Bd2 Bg6 12. Bg2 Ne7 13. f4 Bxc3 14. Bxc3 Be4 15. Qe2 Bxg2 16. Rxg2 Ng6 17. Rf2 Qh4 18. O-O-O O-O-O 19. f5 Ne7 20. e6 fxe6 21. Qxe6+ Kb8 22. Re2 Nc6 23. Rxd5 Rxd5 24. Qxd5 Qxh3 25. Qg2 Qh4 26. g5 Qf4+ 27. Kb1 Qxf5 28. Bxg7 Rg8 29. Bf6 a5 30. a3 h6 31. Rf2 Qg6 32. gxh6 Qh7 33. Bg7 Re8 34. Rf8 Rxf8 35. Bxf8 Nd4 36. Bg7 Nf5 37. Qe4 Qg6 38. b3 b6 39. Kb2 1-0


[Site "https://www.chess.com"]

[Event "Titled Tuesday Blitz June 21 Early 2022"]
[White "Ursan, Petru-Sebastian"]
[Black "Piesik, Piotr"]
[WhiteFideId "1227556"]
[BlackFideId "1136194"]
[WhiteElo "2066"]
[BlackElo "2247"]
[Result "0-1"]
[Round "07"]
[TimeControl "180+1"]
[Date "2022.06.22"]
[WhiteClock "0:00:20"]
[BlackClock "0:02:04"]

1. d4 c5 2. d5 e5 3. dxe6 fxe6 4. e4 Nc6 5. Nc3 Nf6 6. Bg5 Be7 7. Bd3 O-O 8. Nf3 d6 9. O-O Ng4 10. Bxe7 Qxe7 11. h3 Nge5 12. Nxe5 Nxe5 13. f4 Ng6 14. Qd2 Bd7 15. f5 Ne5 16. Rae1 a6 17. fxe6 Bxe6 18. Nd5 Rxf1+ 19. Rxf1 Bxd5 20. exd5 Rf8 21. Bf5 g6 22. Be6+ Kg7 23. Re1 Qh4 24. b3 Qg3 25. Kh1 Rf2 26. Re3 Qxg2# 0-1


[Site "https://www.chess.com"]

[Event "Titled Tuesday Blitz June 21 Early 2022"]
[White "Vakhlamov, Igor L."]
[Black "Dubov, Daniil"]
[WhiteFideId "24126748"]
[BlackFideId "24126055"]
[WhiteElo "2401"]
[BlackElo "2791"]
[Result "0-1"]
[Round "07"]
[TimeControl "180+1"]
[Date "2022.06.21"]
[WhiteClock "0:00:03"]
[BlackClock "0:00:05"]

1. e4 c5 2. Nf3 Nc6 3. Nc3 g6 4. Bb5 Bg7 5. O-O e5 6. d3 h6 7. a3 Nge7 8. b4 d6 9. Be3 b6 10. Nd5 O-O 11. Bc4 Be6 12. Qb1 Bxd5 13. exd5 Nd4 14. Nxd4 cxd4 15. Bd2 Rc8 16. Re1 f5 17. a4 f4 18. a5 Qd7 19. axb6 axb6 20. f3 b5 21. Bb3 Nf5 22. Ra6 Ne3 23. Qa2 Kh7 24. Ra7 Qf5 25. Qa6 Nxc2 26. Qb7 Rg8 27. Re4 Ne3 28. Qxb5 Qg5 29. Bxe3 dxe3 30. Bc4 Qh4 31. h3 Ra8 32. Qa6 Qf2+ 33. Kh2 Rxa7 34. Qxa7 Qd2 35. b5 Kh8 36. Qf7 e2 37. b6 e1=Q 38. Rxe1 Qxe1 39. b7 Qg3+ 40. Kg1 e4 41. Kf1 exf3 42. gxf3 Qxf3+ 43. Ke1 Bc3# 0-1


[Site "https://www.chess.com"]

[Event "Titled Tuesday Blitz June 21 Early 2022"]
[White "Vidonyak, Roman"]
[Black "Mangialardo, Tiago Carvalho"]
[WhiteFideId "14100622"]
[BlackFideId "2130718"]
[WhiteElo "2377"]
[BlackElo "2090"]
[Result "0-1"]
[Round "07"]
[TimeControl "180+1"]
[Date "2022.06.22"]
[WhiteClock "0:00:13"]
[BlackClock "0:00:06"]

1. d4 d5 2. c4 c6 3. Nf3 Nf6 4. Nc3 e6 5. g3 Be7 6. Bg2 O-O 7. O-O Nbd7 8. b3 Re8 9. Bb2 Nf8 10. a3 Ng6 11. Ne5 Bd6 12. f4 b6 13. Qd2 Bb7 14. Rac1 Rc8 15. b4 c5 16. dxc5 bxc5 17. Nxg6 hxg6 18. cxd5 cxb4 19. axb4 Bxb4 20. e4 Qb6+ 21. Kh1 Red8 22. Qd1 exd5 23. Nxd5 Rxc1 24. Nxf6+ gxf6 25. Qxc1 a5 26. Qa1 Be7 27. Rb1 Qf2 28. Rf1 Qe2 29. Bxf6 Rd2 30. Rg1 Bxe4 31. Qf1 Bxg2+ 32. Qxg2 Qxg2+ 33. Rxg2 Rxg2 34. Kxg2 Bxf6 35. Kf2 a4 36. Ke2 a3 37. Kd2 a2 38. Kc2 a1=Q 39. Kd3 Qc3+ 0-1


[Site "https://www.chess.com"]

[Event "Titled Tuesday Blitz June 21 Early 2022"]
[White "Vifleemskaia, Svetlana"]
[Black "Trakru, Rohun"]
[WhiteFideId "4129490"]
[BlackFideId "2097613"]
[WhiteElo "1929"]
[BlackElo "1746"]
[Result "1-0"]
[Round "07"]
[TimeControl "180+1"]
[Date "2022.06.22"]
[WhiteClock "0:00:05"]
[BlackClock "0:00:15"]

1. d4 Nf6 2. c4 g6 3. Nc3 Bg7 4. e4 d6 5. Nge2 O-O 6. Ng3 Nbd7 7. Be2 e5 8. d5 a5 9. O-O Ne8 10. Be3 f5 11. exf5 gxf5 12. f4 e4 13. Nh5 Bh8 14. g4 Ng7 15. g5 Nxh5 16. Bxh5 Nc5 17. Be2 Bd7 18. Bd4 Bxd4+ 19. Qxd4 Qe8 20. Qe3 Qf7 21. h4 Qg7 22. h5 h6 23. Kh1 Kh7 24. Rg1 Rg8 25. Raf1 Raf8 26. g6+ Kh8 27. Rf2 Qf6 28. Rh2 Rg7 29. b3 b6 30. Nd1 Qa1 31. Nc3 Qb2 32. Bd1 Qa3 33. Bc2 a4 34. Nb1 Qxa2 35. b4 Nb7 36. Qc3 a3 37. Bb3 Qxh2+ 38. Kxh2 Ra8 39. Ba2 Kg8 40. Nd2 Nd8 41. Nb3 Nb7 42. Nd4 Nd8 43. Kg3 Re7 44. Re1 Re8 45. Re3 Ra7 46. Qc1 c5 47. dxc6 Nxc6 48. Nxc6 Bxc6 49. c5+ d5 50. cxb6 Rd7 51. Qxc6 Red8 52. b7 Kg7 53. b8=Q d4 54. Qxd8 Rxd8 55. Re1 d3 56. Qc7+ Kf6 57. Qxd8+ Kg7 58. Qd7+ Kh8 59. Qe8+ Kg7 60. Qf7+ Kh8 61. Qh7# 1-0


[Site "https://www.chess.com"]

[Event "Titled Tuesday Blitz June 21 Early 2022"]
[White "Volkov, Maksim"]
[Black "Borgaonkar Akshay"]
[WhiteFideId "54123070"]
[BlackFideId "25639110"]
[WhiteElo "2155"]
[BlackElo "1660"]
[Result "1-0"]
[Round "07"]
[TimeControl "180+1"]
[Date "2022.06.22"]
[WhiteClock "0:01:20"]
[BlackClock "0:00:23"]

1. d4 Nf6 2. c4 g6 3. g3 Bg7 4. Bg2 O-O 5. Nc3 c6 6. e4 d6 7. Nf3 Bg4 8. O-O e5 9. dxe5 Bxf3 10. Qxf3 dxe5 11. Be3 Qc7 12. Rfd1 Nbd7 13. h4 h5 14. Bh3 Rfd8 15. Bg5 Re8 16. Rd2 Ng4 17. Bxg4 hxg4 18. Qxg4 Nc5 19. Rad1 Ne6 20. Rd7 Qb6 21. Qf3 Rf8 22. Be7 Nd4 23. Qg4 Rfe8 24. h5 Qxb2 25. hxg6 f5 26. Qh5 Rxe7 27. Rxe7 Kf8 28. Rf7+ Ke8 29. Rxg7 Qxc3 30. Qh8# 1-0


[Site "https://www.chess.com"]